 Dungeon Crawl Stone Soup version 0.21.0-3-g78d12a8 (webtiles) character file.

0 Firecrotchwizard the Poker (level 1, -1/18 HPs)
             Began as a Merfolk Berserker on Jan 12, 2018.
             Was a Follower of Trog.
             Slain by a hobgoblin
             ... wielding a +0 club
              (6 damage)
             ... on level 1 of the Dungeon.
             The game lasted 00:00:16 (13 turns).

Firecrotchwizard the Poker (Merfolk Berserker)        Turns: 13, Time: 00:00:16

Health: -1/18      AC:  2    Str: 17    XL:     1   Next: 0%
Magic:  1/1        EV: 13    Int:  6    God:    Trog [*.....]
Gold:   0          SH:  0    Dex: 13    Spells: 0/0 levels left

rFire    . . .     SeeInvis .   a - +0 spear
rCold    . . .     Gourm    .   (no shield)
rNeg     . . .     Faith    .   b - +0 animal skin
rPois    .         Spirit   .   (no helmet)
rElec    .         Reflect  .   (no cloak)
rCorr    .         Harm     .   (no gloves)
MR       .....                  (no boots)
Stlth    +.........             (no amulet)
HPRegen  0.06/turn              (no ring)
MPRegen  0.07/turn              (no ring)

@: no status effects
A: change form in water, swift swim, stealthy swim
a: Berserk, Burn Spellbooks, Renounce Religion


You were on level 1 of the Dungeon.
You worshipped Trog.
Trog was aware of your devotion.
You were not hungry.

You visited 1 branch of the dungeon, and saw 1 of its levels.

Inventory:

Hand Weapons
 a - a +0 spear (weapon)
Armour
 b - a +0 animal skin (worn)
Comestibles
 c - a ration {@e1}


   Skills:
 + Level 3.2 Fighting
 + Level 4.4 Polearms
 + Level 1.3 Armour
 + Level 2.6 Dodging


You couldn't memorise any spells.
You didn't know any spells.

Dungeon Overview and Level Annotations

Branches:
Dungeon (1/15)

Altars:


Message History

Welcome, Firecrotchwizard the Merfolk Berserker.
The bosom of this dungeon contains the fabled artefact, the Orb of Zot.
Trog says: Kill them all!
Found 18 arrows.
Found a staircase leading out of the dungeon.
A hobgoblin comes into view.
The hobgoblin is engulfed in blazing flames.
The hobgoblin dies!
A giant cockroach and a hobgoblin come into view.
The hobgoblin shouts!
There are monsters nearby!
Really walk into a travel-excluded area? [Y]es or [N]o only, please.
Really walk into a travel-excluded area? [Y]es or [N]o only, please.
Really walk into a travel-excluded area? [Y]es or [N]o only, please.
Really walk into a travel-excluded area? [Y]es or [N]o only, please.
Really walk into a travel-excluded area?
Okay, then.
The giant cockroach waves its antennae.
The hobgoblin completely misses you.
You closely miss the hobgoblin. You hit the hobgoblin but do no damage.
The hobgoblin hits you with a club.
You take 3 damage, and have 15/18 hp.
You hit the hobgoblin but do no damage. The hobgoblin hits you with a club.
You take 4 damage, and have 11/18 hp.
MASSIVE DAMAGE!!
You barely miss the giant cockroach. The giant cockroach bites you.
The hobgoblin hits you with a club.
You take 5 damage, and have 6/18 hp.
MASSIVE DAMAGE!!
You hit the hobgoblin but do no damage. The giant cockroach bites you.
* * * LOW HITPOINT WARNING * * *
The hobgoblin hits you with a club.
You die...

#.
###.#########
#...........#
#...........#
#.#§.#..#...#
+..§§..(....#
#.8§.......<#
+..≈.gs.....#
#.#..#@.#...#
#...........#
#...........#
###.#########
#. #


You could see a giant cockroach and a hobgoblin.

Vanquished Creatures (others)
  A hobgoblin (D:1)
1 creature vanquished.

Notes
Turn   | Place    | Note
-------+----------+-------------------------------------------
     0 | D:1      | Firecrotchwizard the Merfolk Berserker began the quest for the Orb.
     0 | D:1      | Reached XP level 1. HP: 18/18 MP: 1/1
    13 | D:1      | Slain by a hobgoblin

Action                   || total
-------------------------++-------
Melee: Spear             ||     5
Dodge: Dodged            ||     1

Vault maps used:
D:1:      shiori_arrival_oz

Table legend:
 A = Turns spent in this place as a percentage of turns spent in the entire game.
 B = Non-inter-level travel turns spent in this place as a percentage of non-inter-level travel turns spent in the entire game.
 C = Inter-level travel turns spent in this place as a percentage of turns spent in this place.
 D = Turns resting spent in this place as a percentage of non-inter-level travel turns spent in this place.
 E = Turns spent auto-exploring this place as a percentage of non-inter-level travel turns spent in this place.
 F = Non-inter-level travel turns spent in this place divided by the number of levels of this place that you've seen.
                   A       B       C       D       E      F
               +-------+-------+-------+-------+-------+----------------------
         Total | 100.0 | 100.0 |   0.0 |   0.0 |   7.7 |  13.0
       Dungeon | 100.0 | 100.0 |   0.0 |   0.0 |   7.7 |  13.0
               +-------+-------+-------+-------+-------+----------------------
